| TOP OF THE 1ST |
|
Lowell Spinners batting - Pitching for Everett AquaSox : RHP Ron Skiles
|
|
Pitching: RHP Ron Skiles
|
|
|
Batting: LHB Eric Gaugler
|
0-0: Foul Ball, location: 2F 0-1: Called Strike 0-2: Strikes out swinging
|
|
Batting: LHB Javier Cajina
|
0-0: Ball 1-0: Ball 2-0: Called Strike 2-1: Called Strike 2-2: Foul Ball, location: 2F 2-2: Strikes out swinging
|
|
Batting: LHB Kien-lung Zou
|
0-0: Ball 1-0: Ball 2-0: Foul Ball, location: 2F 2-1: Foul Ball, location: 2F 2-2: Ball 3-2: Fly out, F7 (Line Drive, 7S, EV 98.1 MPH)
|
| Top of the 1st over - 0 runs, 0 hits, 0 errors, 0 left on base; Lowell 0 - Everett 0 |
| BOTTOM OF THE 1ST |
|
Everett AquaSox batting - Pitching for Lowell Spinners : RHP Tim Tucker
|
|
Pitching: RHP Tim Tucker
|
|
|
Batting: RHB John Vasquez
|
0-0: Swinging Strike 0-1: Ball 1-1: Called Strike 1-2: Ground out 6-3 (Groundball, 6, EV 83.8 MPH)
|
|
Batting: RHB Tomokazu Sugimoto
|
0-0: Foul Ball, location: 2F 0-1: Ball 1-1: Ball 2-1: Swinging Strike 2-2: Ball 3-2: Ground out 1-3 (Groundball, 25, EV 71.9 MPH)
|
|
Batting: RHB Bryan Alfaro
|
0-0: SINGLE (Line Drive, 89M, EV 103.8 MPH)
|
|
Batting: RHB Antonio Oyola
|
0-0: Ball 1-0: Called Strike 1-1: Ball 2-1: Called Strike 2-2: Foul Ball, location: 2F 2-2: Ground out 6-3 (Groundball, 6, EV 88.8 MPH)
|
| Bottom of the 1st over - 0 runs, 1 hit, 0 errors, 1 left on base; Lowell 0 - Everett 0 |
| TOP OF THE 2ND |
|
Lowell Spinners batting - Pitching for Everett AquaSox : RHP Ron Skiles
|
|
Batting: LHB Kevin Rolison
|
0-0: Ball 1-0: Ground out 4-3 (Groundball, 4S, EV 83.8 MPH)
|
|
Batting: RHB Willie Camacho
|
0-0: Ball 1-0: Ball 2-0: Swinging Strike 2-1: Foul Ball, location: 2F 2-2: Strikes out swinging
|
|
Batting: LHB Mike Hutcheson
|
0-0: Ball 1-0: Swinging Strike 1-1: Fly out, F8 (Line Drive, 8RD, EV 83.1 MPH)
|
| Top of the 2nd over - 0 runs, 0 hits, 0 errors, 0 left on base; Lowell 0 - Everett 0 |
| BOTTOM OF THE 2ND |
|
Everett AquaSox batting - Pitching for Lowell Spinners : RHP Tim Tucker
|
|
Batting: SHB Tony Morales
|
0-0: Ball 1-0: Called Strike 1-1: SINGLE (Groundball, 56D, EV 97.5 MPH)
|
|
Batting: RHB Sal Cervantes
|
0-0: Swinging Strike Tony Morales steals 2nd base 0-1: Ball 1-1: Hit by Pitch
|
|
Batting: RHB Rich Justice
|
0-0: Ball 1-0: Ball 2-0: Fly out, F8 (Flyball, 8LM, EV 78.8 MPH)
|
|
Batting: RHB Egidius Kruger
|
0-0: Called Strike 0-1: Foul Ball, location: 2F 0-2: Ball 1-2: Grounds into double play, 5-4-3 (Groundball, 56S, EV 91.2 MPH)
|
| Bottom of the 2nd over - 0 runs, 1 hit, 0 errors, 1 left on base; Lowell 0 - Everett 0 |
| TOP OF THE 3RD |
|
Lowell Spinners batting - Pitching for Everett AquaSox : RHP Ron Skiles
|
|
Batting: RHB Bakhtiar Asadov
|
0-0: Ball 1-0: Fly out, F7 (Flyball, 78S, EV 91.2 MPH)
|
|
Batting: RHB Rogelio Cervantes
|
0-0: Called Strike 0-1: Foul Ball, location: 2F 0-2: Ball 1-2: Ball 2-2: Strikes out swinging
|
|
Batting: RHB Roger Mitchell
|
0-0: Called Strike 0-1: Fly out, F8 (Flyball, 8LD, EV 103.1 MPH)
|
| Top of the 3rd over - 0 runs, 0 hits, 0 errors, 0 left on base; Lowell 0 - Everett 0 |
| BOTTOM OF THE 3RD |
|
Everett AquaSox batting - Pitching for Lowell Spinners : RHP Tim Tucker
|
|
Batting: SHB Raghnall Ahearne
|
0-0: Ball 1-0: Ball 2-0: Called Strike 2-1: Swinging Strike 2-2: Ball 3-2: Strikes out swinging
|
|
Batting: RHB John Vasquez
|
0-0: Ball 1-0: Ball 2-0: SINGLE (Line Drive, 34, EV 103.1 MPH)
|
|
Batting: RHB Tomokazu Sugimoto
|
0-0: Fielders Choice at 2nd, 6-4 (Groundball, 6, EV 80.6 MPH)
|
|
Batting: RHB Bryan Alfaro
|
0-0: Ball Tomokazu Sugimoto steals 2nd base (no throw) 1-0: Foul Ball, location: 2F 1-1: Ball 2-1: Foul Ball, location: 2F 2-2: Ball 3-2: SINGLE (Line Drive, 3D, EV 101.2 MPH) Tomokazu Sugimoto to third Runner from 3rd tries for Home, throw by RF and OUT! 9-2
|
| Bottom of the 3rd over - 0 runs, 2 hits, 0 errors, 1 left on base; Lowell 0 - Everett 0 |
| TOP OF THE 4TH |
|
Lowell Spinners batting - Pitching for Everett AquaSox : RHP Ron Skiles
|
|
Batting: LHB Eric Gaugler
|
0-0: Called Strike 0-1: Ball 1-1: Ground out 4-3 (Groundball, 4, EV 103.1 MPH)
|
|
Batting: LHB Javier Cajina
|
0-0: Ball 1-0: Ball 2-0: Ball 3-0: Called Strike 3-1: Called Strike 3-2: DOUBLE (Line Drive, 7LS, EV 100.6 MPH)
|
|
Batting: LHB Kien-lung Zou
|
0-0: Called Strike 0-1: Swinging Strike 0-2: Ball 1-2: Foul Ball, location: 2F 1-2: Strikes out swinging
|
|
Batting: LHB Kevin Rolison
|
0-0: Called Strike 0-1: Ball 1-1: Foul Ball, location: 2F 1-2: Ball 2-2: Ball 3-2: SINGLE (Line Drive, 34, EV 104.4 MPH) Javier Cajina to third Runner from 3rd tries for Home, SAFE, throw by RF to home
|
|
Batting: RHB Willie Camacho
|
0-0: Called Strike 0-1: Ball 1-1: Ground out 5-3 (Groundball, 56S, EV 83.8 MPH)
|
| Top of the 4th over - 1 run, 2 hits, 0 errors, 1 left on base; Lowell 1 - Everett 0 |
| BOTTOM OF THE 4TH |
|
Everett AquaSox batting - Pitching for Lowell Spinners : RHP Tim Tucker
|
|
Batting: RHB Antonio Oyola
|
0-0: Called Strike 0-1: Called Strike 0-2: Strikes out swinging
|
|
Batting: SHB Tony Morales
|
0-0: Swinging Strike 0-1: Foul Ball, location: 2F 0-2: Ball 1-2: Ball 2-2: Foul Ball, location: 2F 2-2: Strikes out swinging
|
|
Batting: RHB Sal Cervantes
|
0-0: Ball 1-0: Ground out 6-3 (Groundball, 6, EV 83.1 MPH)
|
| Bottom of the 4th over - 0 runs, 0 hits, 0 errors, 0 left on base; Lowell 1 - Everett 0 |
| TOP OF THE 5TH |
|
Lowell Spinners batting - Pitching for Everett AquaSox : RHP Ron Skiles
|
|
Batting: LHB Mike Hutcheson
|
0-0: Ball 1-0: Foul Ball, location: 2F 1-1: Ground out 5-3 (Groundball, 56S, EV 93.8 MPH)
|
|
Batting: RHB Bakhtiar Asadov
|
0-0: Ball 1-0: Swinging Strike 1-1: Ball 2-1: Foul Ball, location: 2F 2-2: Strikes out looking
|
|
Batting: RHB Rogelio Cervantes
|
0-0: Ball 1-0: Called Strike 1-1: Ball 2-1: Ball 3-1: Foul Ball, location: 2F 3-2: Foul Ball, location: 2F 3-2: Base on Balls
|
|
Batting: RHB Roger Mitchell
|
0-0: Called Strike Rogelio Cervantes steals 2nd base 0-1: Ball 1-1: Fly out, F6 (Line Drive, 5D, EV 65.6 MPH)
|
| Top of the 5th over - 0 runs, 0 hits, 0 errors, 1 left on base; Lowell 1 - Everett 0 |
| BOTTOM OF THE 5TH |
|
Everett AquaSox batting - Pitching for Lowell Spinners : RHP Tim Tucker
|
|
Batting: RHB Rich Justice
|
0-0: Swinging Strike 0-1: Ball 1-1: Called Strike 1-2: Ball 2-2: SINGLE (Line Drive, 7S, EV 98.1 MPH)
|
|
Batting: RHB Egidius Kruger
|
0-0: Ball 1-0: Ground out 6-3 (Groundball, 6MS, EV 66.9 MPH) Rich Justice to second
|
|
Batting: SHB Raghnall Ahearne
|
0-0: Ball 1-0: Ground out 3-1 (Groundball, 13, EV 80.0 MPH) Rich Justice to third
|
|
Batting: RHB John Vasquez
|
0-0: SINGLE (Line Drive, 8RS, EV 106.9 MPH) Rich Justice scores
|
|
Batting: RHB Tomokazu Sugimoto
|
0-0: Ball 1-0: Ball 2-0: Ball 3-0: Swinging Strike 3-1: Swinging Strike 3-2: Strikes out swinging
|
| Bottom of the 5th over - 1 run, 2 hits, 0 errors, 1 left on base; Lowell 1 - Everett 1 |
| TOP OF THE 6TH |
|
Lowell Spinners batting - Pitching for Everett AquaSox : RHP Ron Skiles
|
|
Pitching: RHP Aaron Black
|
|
|
Batting: LHB Eric Gaugler
|
0-0: Ball 1-0: Called Strike 1-1: Called Strike 1-2: Foul Ball, location: 2F 1-2: Ball 2-2: Strikes out looking
|
|
Batting: LHB Javier Cajina
|
0-0: Ball 1-0: Ball 2-0: Ball 3-0: Ground out U3 (Groundball, 3S, EV 86.9 MPH)
|
|
Batting: LHB Kien-lung Zou
|
0-0: Called Strike 0-1: Ground out 5-3 (Groundball, 56, EV 103.1 MPH)
|
| Top of the 6th over - 0 runs, 0 hits, 0 errors, 0 left on base; Lowell 1 - Everett 1 |
| BOTTOM OF THE 6TH |
|
Everett AquaSox batting - Pitching for Lowell Spinners : RHP Tim Tucker
|
|
Batting: RHB Bryan Alfaro
|
0-0: Foul Ball, location: 2F 0-1: Ball 1-1: SINGLE (Groundball, 56D, EV 101.9 MPH)
|
|
Batting: RHB Antonio Oyola
|
0-0: Ball 1-0: Called Strike Bryan Alfaro is caught stealing 2nd base 2-4 1-1: Ball 2-1: Foul Ball, location: 2F 2-2: Ground out 4-3 (Groundball, 4MD, EV 102.5 MPH)
|
|
Batting: SHB Tony Morales
|
0-0: Foul Ball, location: 2F 0-1: Foul Ball, location: 2F 0-2: Ball 1-2: Foul Ball, location: 2F 1-2: Ball 2-2: Strikes out swinging
|
| Bottom of the 6th over - 0 runs, 1 hit, 0 errors, 0 left on base; Lowell 1 - Everett 1 |
| TOP OF THE 7TH |
|
Lowell Spinners batting - Pitching for Everett AquaSox : RHP Aaron Black
|
|
Batting: LHB Kevin Rolison
|
0-0: Called Strike 0-1: Swinging Strike 0-2: Foul Ball, location: 2F 0-2: Hit by Pitch
|
|
Pitching: LHP Kevin Roberts
|
|
|
Batting: RHB Willie Camacho
|
0-0: Ball 1-0: Foul Ball, location: 2F 1-1: Called Strike 1-2: Ball 2-2: Strikes out swinging
|
|
Batting: LHB Mike Hutcheson
|
0-0: Called Strike 0-1: Ball 1-1: Foul Ball, location: 2F 1-2: Grounds into double play, 4-6-3 (Groundball, 4, EV 94.4 MPH)
|
| Top of the 7th over - 0 runs, 0 hits, 0 errors, 0 left on base; Lowell 1 - Everett 1 |
| TOP OF THE 8TH |
|
Lowell Spinners batting - Pitching for Everett AquaSox : LHP Kevin Roberts
|
|
Batting: RHB Bakhtiar Asadov
|
0-0: Ball 1-0: Foul Ball, location: 2F 1-1: Swinging Strike 1-2: Foul Ball, location: 2F 1-2: Ball 2-2: Ball 3-2: SINGLE (Line Drive, 8LS, EV 86.9 MPH)
|
|
Pinch Runner at 1st Joe Booth:
|
|
|
Batting: RHB Rogelio Cervantes
|
0-0: Ball 1-0: Bunt missed! 1-1: Bunted foul 1-2: Fielders Choice at 2nd, 1-6 (Groundball, 13S, EV 71.9 MPH)
|
|
Pinch Hitting: RHB Mike Rosa
|
0-0: Called Strike 0-1: Ball 1-1: Called Strike 1-2: Strikes out swinging
|
|
Pinch Hitting: RHB Paul Long
|
0-0: Called Strike 0-1: Hit by Pitch Rogelio Cervantes to second
|
|
Pinch Hitting: RHB Tony Gallegos
|
0-0: Ball 1-0: Called Strike 1-1: Ball 2-1: Swinging Strike 2-2: Ground out U3 (Groundball, 3S, EV 86.9 MPH)
|
| Top of the 8th over - 0 runs, 1 hit, 0 errors, 2 left on base; Lowell 1 - Everett 2 |
| BOTTOM OF THE 8TH |
|
Everett AquaSox batting - Pitching for Lowell Spinners : RHP Tim Tucker
|
|
Now at 2B: Mike Rosa
|
|
|
Now at 3B: Tony Gallegos
|
|
|
Now in LF: Willie Camacho
|
|
|
Now in CF: Joe Booth
|
|
|
Now in RF: Curt Stallings
|
|
|
Batting: RHB John Vasquez
|
0-0: Called Strike 0-1: Ball 1-1: Foul Ball, location: 2F 1-2: Foul Ball, location: 2F 1-2: Ball 2-2: Foul Ball, location: 2F 2-2: Foul Ball, location: 2F 2-2: Fly out, F3 (Line Drive, 3, EV 74.4 MPH)
|
|
Pitching: LHP Ken Berger
|
|
|
Batting: RHB Tomokazu Sugimoto
|
0-0: Ball 1-0: Foul Ball, location: 2F 1-1: Called Strike 1-2: Ball 2-2: Strikes out swinging
|
|
Batting: RHB Bryan Alfaro
|
0-0: Ball 1-0: Foul Ball, location: 2F 1-1: Ball 2-1: Called Strike 2-2: DOUBLE (Flyball, 8LXD, EV 108.8 MPH)
|
|
Batting: RHB Antonio Oyola
|
0-0: Ball 1-0: Called Strike 1-1: Ball 2-1: Ball 3-1: Foul Ball, location: 2F 3-2: Base on Balls
|
|
Batting: SHB Tony Morales
|
0-0: Called Strike 0-1: Foul Ball, location: 2F 0-2: Strikes out looking
|
| Bottom of the 8th over - 0 runs, 1 hit, 0 errors, 2 left on base; Lowell 1 - Everett 2 |
| TOP OF THE 9TH |
|
Lowell Spinners batting - Pitching for Everett AquaSox : LHP Kevin Roberts
|
|
Pitching: RHP Eduardo Arlarcon
|
|
|
Batting: LHB Kien-lung Zou
|
0-0: Called Strike 0-1: Ball 1-1: Ball 2-1: Swinging Strike 2-2: Foul Ball, location: 2F 2-2: Ground out U3 (Groundball, 3, EV 85.6 MPH)
|
|
Batting: LHB Kevin Rolison
|
0-0: Called Strike 0-1: Ball 1-1: Called Strike 1-2: Foul Ball, location: 2F 1-2: Strikes out swinging
|
|
Batting: RHB Willie Camacho
|
0-0: Ball 1-0: Swinging Strike 1-1: Called Strike 1-2: Foul Ball, location: 2F 1-2: Strikes out looking
|
| Top of the 9th over - 0 runs, 0 hits, 0 errors, 0 left on base; Lowell 1 - Everett 2 |
|